 Dungeon Crawl Stone Soup version 0.22-a0-305-gd21a89c538 (webtiles) character file.

49 Oravi the Bolt Thrower (level 4, -2/27 HPs)
             Began as a Kobold Hunter on Apr 1, 2018.
             Slain by a jackal (3 damage)
             ... on level 2 of the Dungeon.
             The game lasted 00:06:29 (2225 turns).

Oravi the Bolt Thrower (Kobold Hunter)              Turns: 2225, Time: 00:06:30

Health: -2/27      AC:  3    Str:  9    XL:     4   Next: 2%
Magic:  4/4        EV: 15    Int: 12    God:
Gold:   35         SH:  0    Dex: 16    Spells: 3/3 levels left

rFire    . . .     SeeInvis .   i - -2 dagger (curse)
rCold    . . .     Gourm    .   (shield restricted)
rNeg     . . .     Faith    .   c - +0 leather armour
rPois    .         Spirit   .   (no helmet)
rElec    .         Reflect  .   (no cloak)
rCorr    .         Harm     .   (no gloves)
MR       .....                  (no boots)
Stlth    ++........             (no amulet)
HPRegen  0.09/turn              (no ring)
MPRegen  0.09/turn              (no ring)

@: no status effects
A: small, carnivore
a: no special abilities


You were on level 2 of the Dungeon.
You were not hungry.

You visited 1 branch of the dungeon, and saw 2 of its levels.

You collected 35 gold pieces.

Inventory:

Hand Weapons
 a - a +1 hand crossbow
 b - a +0 short sword
 i - a cursed -2 dagger (weapon)
Missiles
 d - 20 bolts
Armour
 c - a +0 leather armour (worn)
Scrolls
 h - a scroll of identify
Comestibles
 f - a ration


   Skills:
 + Level 2.5 Fighting
 + Level 1.1 Short Blades
 + Level 5.9 Crossbows
 + Level 2.9 Dodging
 - Level 1.3 Stealth


You had 3 spell levels left.
You didn't know any spells.

Dungeon Overview and Level Annotations

Branches:
Dungeon (2/15)

Altars:

Annotations:
D:2 Sigmund


Innate Abilities, Weirdness & Mutations

You are small and have problems with some larger weapons.
You are carnivorous and can eat meat at any time.


Message History

You kill the jackal!
You barely miss the jackal. The jackal closely misses you.
You closely miss the jackal. The jackal bites you.
* * * LOW HITPOINT WARNING * * *
The jackal bites you.
* * * LOW HITPOINT WARNING * * *
Your leather armour prevents you from hitting the jackal.
The jackal misses you.
You barely miss the jackal. The jackal completely misses you.
You hit the jackal but do no damage. The jackal closely misses you.
The jackal completely misses you.
You completely miss the jackal. The jackal completely misses you.
You hit the jackal but do no damage. The jackal bites you.
* * * LOW HITPOINT WARNING * * *
The jackal barely misses you.
You hit the jackal but do no damage. The jackal closely misses you.
You hit the jackal.
The jackal is heavily wounded.
The jackal bites you.
You die...

.<%............#*,,,,,,*,,,,*
...............#*,,,,,,****,*
##############.#********,,*,*
#.# **,,,,,* ## #.# *,,,,,,*
.# #.# *,,,,,,** .# #.#
**,,,,,,* .#
#.########.,,,,,* .#
#..@hh.....,,,,** .#
##########.,,,** ## ******


You could see 2 jackals.

Vanquished Creatures
  2 oozes (D:1)
  A worm (D:1)
  A dart slug (D:1)
  2 giant cockroaches
  4 goblins
  4 hobgoblins (D:1)
  5 jackals (D:2)
  7 kobolds
  3 frilled lizards (D:1)
  5 rats (D:1)
34 creatures vanquished.

Notes
Turn   | Place    | Note
-------+----------+-------------------------------------------
     0 | D:1      | Oravi the Kobold Hunter began the quest for the Orb.
     0 | D:1      | Reached XP level 1. HP: 12/12 MP: 1/1
    44 | D:1      | Reached skill level 5 in Crossbows
   164 | D:1      | Reached XP level 2. HP: 17/17 MP: 2/2
   541 | D:1      | Reached XP level 3. HP: 9/22 MP: 3/3
  1552 | D:2      | Noticed Sigmund
  2110 | D:2      | Reached skill level 1 in Short Blades
  2202 | D:2      | Reached XP level 4. HP: 15/27 MP: 4/4
  2218 | D:2      | HP: 1/27 [jackal (3)]
  2223 | D:2      | HP: 1/27 [jackal (1)]
  2225 | D:2      | Slain by a jackal

Vault maps used:
D:1:      evilmike_arrival_run_for_it
D:2:      minmay_diamond_boxcup, minmay_statues_item, serial_park_tiny_2,
          nicolae_qazlal_style_of_elements, uniq_robin, uniq_sigmund

Skill      XL: |  1  2  3 |
---------------+----------+-----
Crossbows      | 5 |  5.9
Short Blades   | 1 |  1.1
Fighting       | |  2.5
Dodging        | |  2.9
Stealth        | |  1.3

Action                   |  1- 3 |  4- 6 || total
-------------------------+-------+-------++-------
Melee: Short sword       |    80 |       ||    80
       Dagger            |   115 |    23 ||   138
 Fire: Hand crossbow     |    12 |       ||    12
  Use: Scroll            |     4 |       ||     4
       Potion            |     1 |       ||     1
 Stab: Sleeping          |     1 |       ||     1
  Eat: Chunk             |     7 |       ||     7
Armor: Leather armour    |    33 |     1 ||    34
Dodge: Dodged            |   156 |    20 ||   176

Table legend:
 A = Spawn XP
 B = Non-spawn XP
 C = Spawn XP percentage of total XP
 D = Spawn monster count
 E = Non-spawn monster count
 F = Spawn count percentage of total count
 G = Total turns spent on level
                    A         B        C        D         E        F      G
               +---------+---------+-------+---------+---------+-------+---------
         Total |       0 |      71 |   0.0 |       0 |      34 |   0.0 |  2225
               +---------+---------+-------+---------+---------+-------+---------
           D:1 |       0 |      54 |   0.0 |       0 |      25 |   0.0 |  1587
           D:2 |       0 |      17 |   0.0 |       0 |       9 |   0.0 |   638
               +---------+---------+-------+---------+---------+-------+---------
